 Dungeon Crawl Stone Soup version 0.25.0-9-g26727b657a (webtiles) character file.

Game seed: 7811151339402480073

674 Delamore the Basher (level 7, -5/41 HPs)
             Began as a Gargoyle Fighter on June 19, 2020.
             Was a Priest of Okawaru.
             Slain by Duvessa
             ... wielding a +0 short sword
              (11 damage)
             ... on level 4 of the Dungeon.
             The game lasted 00:04:10 (3728 turns).

Delamore the Basher (Gargoyle Fighter)              Turns: 3728, Time: 00:04:10

Health: -5/41      AC: 13    Str: 21    XL:     7   Next: 59%
Magic:  16/16      EV: 10    Int:  9    God:    Okawaru [***...]
Gold:   258        SH:  4    Dex:  9    Spells: 6/6 levels left

rFire    . . .     SeeInvis .   y - +0 morningstar
rCold    + . .     Gourm    .   l - +0 buckler
rNeg     + + .     Faith    .   A - +1 ring mail {rC+}
rPois    ∞         Spirit   .   q - +0 helmet
rElec    +         Reflect  .   (no cloak)
rCorr    .         Harm     .   (no gloves)
MR       .....                  g - +0 pair of boots
Stlth    ..........             (no amulet)
HPRegen  0.13/turn              i - ring of magical power
MPRegen  0.15/turn              p - ring of positive energy

@: mighty, stab
A: negative energy resistance 1, electricity resistance, unbreathing,
petrification resistance, rot immunity, AC +4
a: Heroism, Renounce Religion


You were on level 4 of the Dungeon.
You worshipped Okawaru.
Okawaru was most pleased with you.
You were hungry.

You visited 1 branch of the dungeon, and saw 4 of its levels.

You collected 258 gold pieces.

Inventory:

Hand Weapons
 a - a +0 flail
 y - a +0 morningstar (weapon)
Missiles
 j - a throwing net
 m - 3 atropa-tipped darts (quivered)
Armour
 c - a +0 kite shield
 g - a +0 pair of boots (worn)
 l - a +0 buckler (worn)
 q - a +0 helmet (worn)
 A - a +1 ring mail of cold resistance (worn)
Jewellery
 b - an uncursed ring of positive energy
 i - a ring of magical power (left hand)
 p - a ring of positive energy (right hand)
Scrolls
 e - 2 scrolls of teleportation {unknown}
 h - a scroll of remove curse {unknown}
 k - 5 scrolls of identify {unknown}
 n - a scroll of fog {unknown}
 o - 2 scrolls of fear {unknown}
 t - a scroll of enchant armour {unknown}
 u - a scroll of noise {unknown}
Potions
 r - a potion of curing
 s - a potion of cancellation {unknown}
 v - a potion of degeneration {unknown}
 w - a potion of heal wounds {unknown}
 z - a potion of stabbing
Comestibles
 f - 6 rations


   Skills:
 - Level 3.2 Fighting
 + Level 8.3 Maces & Flails
 - Level 3.2 Armour
 - Level 3.2 Shields


You had 6 spell levels left.
You didn't know any spells.
Your spell library was empty.

Dungeon Overview and Level Annotations

Branches:
Dungeon (4/15)
 Temple: D:4-7

Altars:
Fedhas
Okawaru

Annotations:
D:4 Duvessa


Innate Abilities, Weirdness & Mutations

You are resistant to torment.
Your stone body is resilient. (AC +4)
You are immune to poison.
You resist negative energy. (rN+)
You are resistant to electric shocks. (rElec)
You can survive without breathing.
You are immune to petrification.
You are immune to rotting.


Message History

You sock Duvessa!
Duvessa is lightly wounded.
Duvessa hits you but does no damage. Duvessa hits you with a +0 short sword.
* * * LOW HITPOINT WARNING * * *
You impale Duvessa!!
Duvessa is heavily wounded.
Duvessa barely misses you. Duvessa hits you with a +0 short sword.
* * * LOW HITPOINT WARNING * * *
You sock Duvessa!
Duvessa is almost dead.
Duvessa completely misses you.
You barely miss Duvessa.
Duvessa is almost dead.
Duvessa hits you but does no damage. Duvessa barely misses you.
You hit Duvessa.
Duvessa is almost dead.
Duvessa hits you with a +0 short sword.
* * * LOW HITPOINT WARNING * * *
Duvessa hits you with a +0 short sword!
You die...

.#........#...#......#
##.##...###...##....#########
#.##'#### #....#.......# ...#..
.. #....#.......# .. . ...
#[...#.......# ....
#....#.......# .....
#....'.......#####
......#e...#..).........
(...(()@...#.......###..
#.##.#######............
#........#....#..
#.......##....## #.......#......#
#......##..##..##
############......#..####..#
######.................#..####..#
.................##+##.##..##..##


You could see Duvessa (berserk, fast).

Vanquished Creatures
  Edmund (D:4)
  2 ogres (D:4)
  A phantom (D:4)
  Dowan (D:4)
  A bullfrog skeleton (D:3)
  2 orc priests
  5 adders
  4 gnolls (D:4)
  2 oozes (D:3)
  2 worms
  3 dart slugs (D:1)
  6 leopard geckos
  3 orcs
  A giant cockroach (D:3)
  6 goblins
  3 hobgoblins
  3 quokkas
  A ball python (D:3)
  11 bats
  5 frilled lizards
  A jackal skeleton (D:4)
  5 kobolds
  7 rats
76 creatures vanquished.

Notes
Turn   | Place    | Note
-------+----------+-------------------------------------------
     0 | D:1      | Delamore the Gargoyle Fighter began the quest for the Orb.
     0 | D:1      | Reached XP level 1. HP: 14/14 MP: 1/1
   145 | D:1      | Reached XP level 2. HP: 18/19 MP: 2/2
   360 | D:1      | Reached skill level 3 in Maces & Flails
   594 | D:2      | Reached XP level 3. HP: 23/23 MP: 3/3
   744 | D:2      | Found a faded altar of an unknown god.
   792 | D:2      | Became a worshipper of Warmaster Okawaru
   792 | D:2      | Reached * piety under Okawaru
  1249 | D:2      | Reached skill level 4 in Maces & Flails
  1347 | D:2      | Reached XP level 4. HP: 28/28 MP: 4/4
  1947 | D:3      | Reached skill level 5 in Maces & Flails
  1947 | D:3      | Reached XP level 5. HP: 29/32 MP: 5/5
  2225 | D:3      | Found a blossoming altar of Fedhas.
  2878 | D:4      | Noticed an ogre
  2886 | D:4      | Killed an ogre
  2886 | D:4      | Reached ** piety under Okawaru
  2886 | D:4      | Reached skill level 6 in Maces & Flails
  2886 | D:4      | Reached XP level 6. HP: 3/37 MP: 6/6
  3329 | D:4      | Noticed Edmund
  3351 | D:4      | Killed Edmund
  3351 | D:4      | Reached skill level 7 in Maces & Flails
  3351 | D:4      | Reached XP level 7. HP: 40/41 MP: 7/7
  3562 | D:4      | Reached skill level 8 in Maces & Flails
  3698 | D:4      | Noticed Duvessa
  3698 | D:4      | Noticed Dowan
  3715 | D:4      | Killed Dowan
  3715 | D:4      | Reached *** piety under Okawaru
  3728 | D:4      | Slain by Duvessa

Illustrated notes

Levels and vault maps discovered:
D:1:      zelgadis_glass_arrival_small, layout_rooms, kennysheep_boxes
D:2:      layout_basic, serial_curves, eino_curves_01, eino_curves_01,
          chequers_ecumenical_altar_twisty, minivault_11
D:3:      layout_rooms, first_ration, fedhas_altar_4
D:4:      layout_gridville, minmay_misc_feat_iff, uniq_duvessa, uniq_edmund

Skill      XL: |  1  2  3  4  5  6  7 |
---------------+----------------------+-----
Maces & Flails | 3 4 5 6 7 8 |  8.3
Fighting       | |  3.2
Armour         | |  3.2
Shields        | |  3.2

Action                   |  1- 3 |  4- 6 |  7- 9 || total
-------------------------+-------+-------+-------++-------
Melee: Flail             |   122 |    89 |       ||   211
       Morningstar       |       |    91 |    48 ||   139
Throw: Throwing net      |       |     1 |       ||     1
       Dart              |       |       |     7 ||     7
  Use: Potion            |       |       |     3 ||     3
  Eat: Chunk             |     2 |     6 |     1 ||     9
Armor: Scale mail        |    73 |    90 |       ||   163
       Ring mail         |       |    17 |    24 ||    41
Dodge: Dodged            |    68 |    95 |    18 ||   181
Block: Kite shield       |    10 |       |       ||    10
       Buckler           |    22 |    40 |     9 ||    71
